 Dungeon Crawl Stone Soup version 0.31-a0-188-g5e087ee2ca (webtiles) character file.

Game seed: 1255640899243700021

179 qw the Skirmisher (level 5, -1/29 HPs)
             Began as a Deep Elf Hunter on June 23, 2023.
             Slain by an orc
             ... wielding a +0 flail
              (5 damage)
             ... on level 4 of the Dungeon.
             The game lasted 00:00:47 (2140 turns).

qw the Skirmisher (Deep Elf Hunter)                 Turns: 2140, Time: 00:00:48

Health: -1/29      AC:  8    Str: 10    XL:     5   Next: 33%
Magic:  7/7        EV:  9    Int: 14    God:
Gold:   192        SH:  0    Dex: 18    Spells: 4/4 levels left

rFire   + . .        Y - +3 shortbow
rCold   + . .        (shield currently unavailable)
rNeg    . . .        k - +0 scale mail
rPois   .            g - +0 helmet
rElec   .            (no cloak)
rCorr   .            h - +0 pair of gloves
SInv    .            (no boots)
Will    .....        f - amulet of the acrobat
Stlth   +            b - ring of protection from cold
HPRegen 0.24/turn    j - ring of protection from fire
MPRegen 0.10/turn

%: acrobat
@: no status effects
A: no striking features
a: no special abilities


You were on level 4 of the Dungeon.
You visited 1 branch of the dungeon, and saw 4 of its levels.

You collected 192 gold pieces.


   Skills:
 - Level 1.5 Fighting
 + Level 8.0 Ranged Weapons
 - Level 2.0 Armour
 - Level 2.4 Dodging
 - Level 1.2 Stealth


You had 4 spell levels left.
You didn't know any spells.
Your spell library was empty.

Inventory:

Hand Weapons
 Y - a +3 shortbow (weapon)
Armour
 g - a +0 helmet (worn)
 h - a +0 pair of gloves (worn)
 k - a +0 scale mail (worn)
Jewellery
 b - a ring of protection from cold (left hand)
 f - an amulet of the acrobat (around neck)
 j - a ring of protection from fire (right hand)
Scrolls
 e - a scroll of identify
Potions
 a - a potion of cancellation
 d - a potion of attraction {unknown}

Dungeon Overview and Level Annotations

Branches:
Dungeon (4/15)
 Temple: D:4-7

Altars:


Message History

You shoot an arrow. The arrow misses the phantom.
The arrow hits the orc but does no damage.
The orc is heavily wounded.
The orc hits you but does no damage. The phantom hits you.
The phantom blinks!
You blink.
Found a wand of roots (8).
The phantom hits you but does no damage.
You shoot an arrow. The arrow closely misses the phantom.
The arrow hits the orc.
You kill the orc!
The phantom barely misses you.
Your Ranged Weapons skill increases to level 8!
You shoot an arrow. The arrow hits the phantom!
The phantom is almost destroyed.
The phantom closely misses you.
You shoot an arrow. The arrow barely misses the phantom.
The arrow hits the orc.
The orc is heavily wounded.
The phantom completely misses you.
You shoot an arrow. The arrow hits the phantom!
You destroy the phantom!
Your Armour skill gained 2 levels and is now at level 2!
You have reached level 5!
You shoot an arrow. The arrow hits the orc!
You kill the orc!
The orc hits you with a +0 mace.
You shoot an arrow. The arrow hits the orc.
The orc is almost dead.
The orc hits you but does no damage. The orc hits you with a +0 flail.
You shoot an arrow.
The arrow hits the orc but does no damage.
The orc is almost dead.
The orc hits you but does no damage. The orc barely misses you.
The orc hits you with a +0 flail. The orc misses you.
You shoot an arrow. The arrow hits the orc.
You kill the orc!
The orc hits you but does no damage.
You shoot an arrow. The arrow barely misses the orc.
The orc closely misses you.
You shoot an arrow. The arrow closely misses the orc.
The orc closely misses you. The orc hits you with a +0 flail.
You die...

#.# #.# #.#
###### #.###
#....# #)...#
#....#.)....#
##.#....#......#
...../..)......#
#.....@o......#
###......#..#.#
................
####.........#
..######.....
... ..... ...
.... .. ....


You could see an orc.

Vanquished Creatures
  A phantom (D:4)
  2 adders
  An ufetubus (D:3)
  2 worms
  2 dart slugs
  5 orcs
  7 bats
  8 endoplasms
  3 giant cockroaches
  2 goblins
  7 hobgoblins
  3 jackals (D:2)
  6 quokkas
  3 ball pythons (D:2)
  4 frilled lizards (D:3)
  7 kobolds
  6 rats
69 creatures vanquished.

Notes
Turn   | Place    | Note
-------+----------+-------------------------------------------
     0 | D:1      | qw the Deep Elf Hunter began the quest for the Orb.
     0 | D:1      | Reached XP level 1. HP: 12/12 MP: 3/3
     0 | D:1      | 0 ||| qw: Version: 0.3-a-9-g12657ce
     0 | D:1      | 0 ||| qw: Game counter: 3610
     0 | D:1      | 0 ||| qw: Always use a shield: true
     0 | D:1      | 0 ||| qw: God list: Okawaru
     0 | D:1      | 0 ||| qw: Allow faded altars: false
     0 | D:1      | 0 ||| qw: Do Orc after D:15 true
     0 | D:1      | 0 ||| qw: Do second Lair branch before Depths: true
     0 | D:1      | 0 ||| qw: Lair rune preference: random
     0 | D:1      | 0 ||| qw: Plans: Normal
     0 | D:1      | 0 ||| PLANNING D:1-11
   197 | D:1      | Reached skill level 6 in Ranged Weapons
   197 | D:1      | Reached XP level 2. HP: 16/16 MP: 4/4
   427 | D:1      | Found a faded altar of an unknown god.
   670 | D:1      | 670 ||| UPGRADING to +0 pair of gloves.
   675 | D:1      | 675 ||| UPGRADING to amulet of the acrobat.
   680 | D:1      | 680 ||| READING scroll labelled UCWOUFOKYESM.
   681 | D:1      | 681 ||| READING scroll labelled EJUNLE OHICH.
   682 | D:1      | 682 ||| READING scroll labelled ETHODWUWOE.
   683 | D:1      | 683 ||| DROPPING scroll of butterflies.
   887 | D:2      | Reached XP level 3. HP: 20/20 MP: 5/5
   999 | D:2      | Reached skill level 7 in Ranged Weapons
  1504 | D:2      | 1504 ||| UPGRADING to +0 helmet.
  1509 | D:2      | 1509 ||| UPGRADING to ring of protection from cold.
  1510 | D:2      | 1510 ||| READING 3 scrolls labelled JOMPAU FUTOTZA.
  1511 | D:2      | 1511 ||| READING 2 scrolls of enchant weapon.
  1511 | D:2      | 1511 ||| ENCHANTING +1 shortbow.
  1512 | D:2      | 1512 ||| READING scroll of enchant weapon.
  1512 | D:2      | 1512 ||| ENCHANTING +2 shortbow.
  1532 | D:3      | Reached XP level 4. HP: 25/25 MP: 6/6
  2078 | D:3      | 2078 ||| UPGRADING to +0 scale mail.
  2088 | D:3      | 2088 ||| DROPPING +0 leather armour.
  2089 | D:3      | 2089 ||| DROPPING amulet of guardian spirit.
  2090 | D:3      | 2090 ||| UPGRADING to ring of protection from fire.
  2091 | D:3      | 2091 ||| READING 2 scrolls of identify.
  2091 | D:3      | 2091 ||| IDENTIFYING black potion
  2121 | D:4      | Noticed a phantom
  2132 | D:4      | Reached skill level 8 in Ranged Weapons
  2134 | D:4      | Killed a phantom
  2135 | D:4      | Reached XP level 5. HP: 14/29 MP: 7/7
  2136 | D:4      | HP: 7/29 [orc/+0 flail (2)]
  2137 | D:4      | HP: 3/29 [orc/+0 flail (4)]
  2140 | D:4      | Slain by an orc

Levels and vault maps discovered:
D:1:      dpeg_arrival_windows_large_door, layout_basic,
          shapermc_ecumenical_altar_mp_vishouse
D:2:      layout_basic, minmay_octomino_c4
D:3:      layout_loops_ring, nicolae_titane
D:4:      layout_basic, nicolae_wu_jian_wuxing_cycle,
          chequers_serial_rivers_micro_d, kennysheep_small_spiral,
          hellmonk_no_cap

Skill      XL: |  1  2  3  4 |
---------------+-------------+-----
Ranged Weapons | 6 7 8 |  8.0
Armour         | 2 |  2.0
Fighting       | |  1.5
Dodging        | |  2.4
Stealth        | |  1.2

Action                     |  1- 3 |  4- 6 || total
---------------------------+-------+-------++-------
   Fire: Shortbow          |   106 |    62 ||   168
    Use: Scroll            |     6 |     1 ||     7
 Armour: Leather armour    |     8 |     2 ||    10
         Scale mail        |       |    12 ||    12
  Dodge: Dodged            |    27 |    19 ||    46

Table legend:
 A = Non-vault XP
 B = Vault XP
 C = Vault XP percentage of total XP
 D = Non-vault monster count
 E = Vault monster count
 F = Vault count percentage of total count
                 A         B        C        D         E       F
            +---------+---------+-------+---------+---------+-------
      Total |     243 |      14 |   5.4 |      62 |       7 |  10.1
            +---------+---------+-------+---------+---------+-------
        D:1 |      23 |       0 |   0.0 |      12 |       0 |   0.0
        D:2 |      52 |      14 |  21.2 |      24 |       7 |  22.6
        D:3 |      53 |       0 |   0.0 |      20 |       0 |   0.0
        D:4 |     115 |       0 |   0.0 |       6 |       0 |   0.0
            +---------+---------+-------+---------+---------+-------
